 Dungeon Crawl Stone Soup version 0.17.0-28-g6e173f8 (webtiles) character file.

3957 M4edhros the Covert (level 10, -8/58 HPs)
             Began as an Octopode Artificer on Nov 29, 2015.
             Was a Follower of Fedhas.
             Mangled by a warg (12 damage)
             ... on level 8 of the Dungeon.
             The game lasted 00:19:49 (7853 turns).

M4edhros the Covert (Octopode Artificer)            Turns: 7853, Time: 00:19:49

Health: -8/58      AC:  3    Str:  8 (9)  XL:     10   Next: 21%
Magic:  18/18      EV: 14    Int: 17      God:    Fedhas [*.....]
Gold:   487        SH:  0    Dex: 12 (13) Spells: 0 memorised, 9 levels left

rFire  . . .     SeeInvis .     z - +0 dagger (protect)
rCold  . . .     Rnd*Rage +     (no shield)
rNeg   . . .     SustAt   .     (helmet restricted)
rPois  .         Gourm    .     (no amulet)
rElec  .         Spirit   .     B - -3 ring of protection (curse)
rCorr  .         Warding  .     p - ring of flight
rMut   .         Stasis   .     (no ring)
MR     .....                    (no ring)
Stlth  +++++++...               (no ring)
                                (no ring)
                                (no ring)
                                (no ring)

@: not resistant to hostile enchantments, extremely stealthy
A: almost no armour, amphibious, 8 rings, constrict 8, camouflage 1, berserk 1,
deterioration 2, weak 1, gelatinous body 1, no device heal 1
a: Evolution, Renounce Religion, Evoke Flight


You were on level 8 of the Dungeon.
You worshipped Fedhas.
Fedhas was aware of your devotion.
You were very hungry.

You visited 2 branches of the dungeon, and saw 9 of its levels.

You collected 487 gold pieces.

Inventory:

Hand Weapons
 a - a +0 short sword
 u - a +0 dagger of chaos
 v - a +0 blowgun
 z - a +0 dagger of protection (weapon)
Missiles
 i - 3 throwing nets
 j - 220 stones (quivered)
 o - 60 sling bullets
 w - 2 curare-tipped needles
 y - 7 poisoned needles
Magical Staves
 t - an uncursed staff of summoning
Rods
 x - a +2 iron rod (9/9)
   (You acquired it on level 2 of the Dungeon)
 E - a +1 rod of inaccuracy (11/11)
   (You found it on level 5 of the Dungeon)
Jewellery
 p - a ring of flight (right tentacle)
 r - an uncursed amulet of resist mutation
 B - a cursed -3 ring of protection (left tentacle)
 I - a cursed ring of loudness {unknown}
Wands
 b - a wand of flame (0)
 c - a wand of enslavement (5)
 d - a wand of random effects (5)
 q - a wand of lightning (2)
 A - a wand of hasting (1)
 C - a wand of enslavement (6)
Scrolls
 f - 2 scrolls of enchant weapon
 g - 4 scrolls of remove curse
 m - 2 scrolls of enchant armour
 H - a scroll of immolation {unknown}
Potions
 n - a potion of curing
 D - a potion of berserk rage
 F - a potion of agility
 J - 2 potions of brilliance
Books
 G - a book of Maledictions

   Spells                             Type                      Level
   a - Corona                         Hexes                        1
   b - Ensorcelled Hibernation        Hexes/Ice                    2
   c - Confuse                        Hexes                        3
   d - Tukima's Dance                 Hexes                        3
   e - Dazzling Spray                 Conjuration/Hexes            3
Comestibles
 e - 4 bread rations
 h - 19 fruits
 k - 9 meat rations
 l - 8 slices of pizza
 s - a beef jerky


   Skills:
 - Level 1.0 Fighting
 - Level 1.0 Short Blades
 + Level 4.6 Dodging
 + Level 12.7 Stealth
 + Level 4.1 Invocations
 + Level 10.8 Evocations


You had 9 spell levels left.
You didn't know any spells.

Dungeon Overview and Level Annotations

Branches:
Dungeon (8/15)             Temple (1/1) D:5
   Lair: D:8-11

Altars:
Ashenzari
Cheibriados
Elyvilon
Fedhas
Gozag
Kikubaaqudgha
Makhleb
Nemelex Xobeh
Okawaru
Qazlal
Ru
Sif Muna
Trog
Vehumet
Xom
Yredelemnul
Zin
The Shining One
Jiyva

Shops:
D:7 :


Innate Abilities, Weirdness & Mutations

You cannot wear most types of armour.
You are amphibious.
You can wear up to eight rings at the same time.
You can use your tentacles to constrict eight enemies at once.
Your skin changes colour to match your surroundings (Stealth).
Your rubbery body absorbs attacks (AC +1).
You tend to lose your temper in combat.
Your body often deteriorates upon taking damage.
You are weak. (Str -2)
Potions and wands are less effective at restoring your health.


Message History

The warg appears confused.
The warg bites you but does no damage.
You barely miss the warg. The warg bites you!
Unknown command.
Your wandering mushroom closely misses the warg.
You closely miss the warg.
The warg seems less confused.
The warg bites your wandering mushroom. The warg bites you.
Your wandering mushroom releases spores at the warg but does no damage.
The warg bites your wandering mushroom!
Unknown command.
Unknown command.
You hit the warg but do no damage. The warg bites you!
* * * LOW HITPOINT WARNING * * *
Your body deteriorates!
You feel clumsy.
Your wandering mushroom closely misses the warg.
The warg bites your wandering mushroom.
Your wandering mushroom is destroyed!
You feel a little guilty. The warg bites you!
You die...
Xom guffaws!
Fedhas appreciates your contribution to the ecosystem.

#####.#P##..######.##
#.#>##..# .#
#.#.....# # #....#.##
###..#.# #..#.#####
#...)..... #..#.#####
#.@#.# #fh#.# #..#.##
#######.h...#
........)##....Z
.#######.# .... #.#
..o #.# .. #.# .


You could see 2 wargs and a friendly wandering mushroom.

Vanquished Creatures
  The ghost of PeterLawrence the Basher, a novice GrFi of Okawaru (D:7)
  Psyche (D:8)
  Sigmund (D:5)
  2 yaks (D:8)
  A hippogriff (D:7)
  Menkaure (D:6)
  Edmund (D:4)
  An ice beast (D:6)
  A boggart (D:7)
  2 ogres (D:5)
  2 big kobolds (D:8)
  5 giant frogs
  2 scorpions
  A centaur zombie (D:6)
  8 crimson imps
  A giant frog zombie (D:5)
  2 orc priests
  2 jellies (D:5)
  3 orc wizards
  Crazy Yiuf (D:6)
  2 hounds (D:4)
  An iguana (D:4)
  7 gnolls (D:4)
  4 worker ants
  8 adders
  2 oozes
  An adder zombie (D:7)
  2 adder skeletons
  4 worms
  8 giant geckos
  16 orcs
  12 bats
  A giant cockroach (shapeshifter) (D:3)
  6 giant cockroaches
  7 goblins
  2 hobgoblins
  5 quokkas
  A giant gecko skeleton (D:4)
  2 giant newts
  5 jackals
  9 kobolds
  9 rats
153 creatures vanquished.

Vanquished Creatures (collateral kills)
  A hydra (D:8)
  The ghost of Lathuz the Conjurer, an amateur DECj (D:6)
  An ice beast (D:7)
  An ogre (D:7)
  A big kobold (D:8)
  A hound (D:6)
  A jelly (D:7)
  A sheep (D:8)
  2 gnolls (D:4)
  An ooze (D:3)
  An orc (D:7)
12 creatures vanquished.

Vanquished Creatures (others)
  A gnoll shaman (D:4)
  A sheep (D:8)
  An adder (D:3)
  A rat (D:3)
  2 wandering mushrooms (D:8)
  39 toadstools
45 creatures vanquished.

Grand Total: 210 creatures vanquished

Notes
Turn   | Place    | Note
--------------------------------------------------------------
     0 | D:1      | M4edhros the Octopode Artificer began the quest for the Orb.
     0 | D:1      | Reached XP level 1. HP: 13/13 MP: 3/3
   141 | D:1      | Reached XP level 2. HP: 16/18 MP: 4/4
   444 | D:1      | Reached XP level 3. HP: 12/23 MP: 5/5
   741 | D:2      | Reached skill level 4 in Evocations
   842 | D:3      | Reached XP level 4. HP: 9/28 MP: 7/7
  1565 | D:4      | Noticed Edmund
  1571 | D:4      | Killed Edmund
  1571 | D:4      | Reached skill level 5 in Stealth
  1571 | D:4      | Reached skill level 5 in Evocations
  1571 | D:4      | Reached XP level 5. HP: 24/33 MP: 7/9
  1591 | D:4      | Noticed a giant frog
  1847 | D:4      | Killed a giant frog
  1847 | D:4      | Reached skill level 6 in Stealth
  1847 | D:4      | Reached XP level 6. HP: 11/38 MP: 10/10
  2322 | D:4      | Reached skill level 7 in Stealth
  2545 | D:4      | Reached XP level 7. HP: 27/43 MP: 11/11
  3002 | D:4      | Found a shimmering altar of Xom.
  3018 | D:4      | Became a worshipper of Xom of Malevolent Giggling
  3079 | D:4      | HP: 2/43 [iguana (12)]
  3080 | D:4      | Reached skill level 8 in Stealth
  3294 | D:4      | XOM: scenery: 1 doors open, 1 doors close
  3313 | D:4      | XOM: scenery: 1 doors open
  3432 | D:5      | Entered Level 5 of the Dungeon
  3609 | D:5      | HP: 2/43 [poisoned by a worker ant]
  3617 | D:5      | HP: 1/43 [poisoned by a worker ant]
  3712 | D:5      | XOM: silly message
  3771 | D:5      | XOM: divination: magic mapping
  3778 | D:5      | Found a stormy altar of Qazlal.
  3797 | D:5      | Identified a +0 rod of inaccuracy (9/9) (You found it on level 5 of the Dungeon)
  3962 | D:5      | Reached XP level 8. HP: 48/48 MP: 13/13
  4056 | D:5      | XOM: silly message
  4074 | D:5      | Reached skill level 9 in Stealth
  4093 | D:5      | Found a staircase to the Ecumenical Temple.
  4119 | Temple   | Entered the Ecumenical Temple
  4300 | D:5      | XOM: stat loss: -1 Dex (12/13)
  4323 | D:5      | Noticed Sigmund
  4327 | D:5      | Killed Sigmund
  4479 | D:6      | XOM: silly message
  4729 | D:6      | Reached skill level 10 in Stealth
  4840 | D:6      | Noticed Menkaure
  4843 | D:6      | XOM: enchant monster (bad)
  4845 | D:6      | Noticed Lathuz's ghost (amateur DECj)
  4845 | D:6      | XOM: cast spell 'Discord'
  4851 | D:6      | Killed Lathuz's ghost
  4855 | D:6      | Killed Menkaure
  5075 | D:6      | Noticed Crazy Yiuf
  5081 | D:6      | Killed Crazy Yiuf
  5173 | D:6      | XOM: give mutations
  5173 | D:6      | Gained mutation: You are frail (-10% HP). [Xom's mischief]
  5173 | D:6      | Lost mutation: You are frail (-10% HP). [Xom's mischief]
  5173 | D:6      | Gained mutation: Potions and wands are less effective at restoring your health. [Xom's mischief]
  5173 | D:6      | Gained mutation: Your body sometimes deteriorates upon taking damage. [Xom's mischief]
  5256 | D:6      | XOM: god gift: potion of curing
  5311 | D:7      | Found a blossoming altar of Fedhas.
  5312 | D:7      | Found a bloodstained altar of Trog.
  5313 | D:7      | Found a deep blue altar of Sif Muna.
  5314 | D:7      | Found a snail-covered altar of Cheibriados.
  5314 | D:7      | Found a shattered altar of Ashenzari.
  5316 | D:7      | Found a glowing silver altar of Zin.
  5316 | D:7      | Found a sacrificial altar of Ru.
  5319 | D:7      | Found a glowing golden altar of the Shining One.
  5326 | D:7      | Reached skill level 11 in Stealth
  5326 | D:7      | Reached XP level 9. HP: 53/53 MP: 14/16
  5334 | D:7      | Noticed PeterLawrence's ghost (novice GrFi)
  5493 | D:7      | Found a snail-covered altar of Cheibriados.
  5535 | D:7      | XOM: swap monsters
  5661 | D:7      | XOM: fake destruction
  5666 | D:7      | XOM: enchant monster (good)
  5763 | D:7      | Fell from the grace of Xom
  5763 | D:7      | Became a worshipper of Fedhas Madash
  6058 | D:3      | Gained mutation: You are weak. (Str -2) [mutagenic meat]
  6059 | D:3      | Gained mutation: Your body often deteriorates upon taking damage. [mutagenic meat]
  6060 | D:3      | Gained mutation: You tend to lose your temper in combat. [mutagenic meat]
  6116 | D:2      | Identified a scroll of acquirement
  6374 | D:3      | Reached * piety under Fedhas
  6511 | D:3      | Found a white marble altar of Elyvilon.
  6854 | D:7      | Killed PeterLawrence's ghost
  6854 | D:7      | Reached skill level 1 in Invocations
  6854 | D:7      | Reached skill level 10 in Evocations
  7023 | D:7      | Found Wuteabeleu's Book Shop.
  7155 | D:7      | Reached skill level 12 in Stealth
  7319 | D:8      | XOM: polymorph wandering mushroom -> wandering mushroom
  7395 | D:8      | XOM: enchant monster (bad)
  7435 | D:8      | XOM: summons 14 hostile demons
  7500 | D:8      | Noticed a two-headed hydra
  7510 | D:8      | Killed a two-headed hydra
  7510 | D:8      | Reached XP level 10. HP: 20/58 MP: 17/17
  7832 | D:8      | Noticed Psyche
  7839 | D:8      | Killed Psyche
  7853 | D:8      | Mangled by a warg

Action                   |  1- 3 |  4- 6 |  7- 9 | 10-12 || total
-------------------------+-------+-------+-------+-------++-------
Melee: Short sword       |    78 |    88 |    43 |       ||   209
       Dagger            |       |       |   238 |    14 ||   252
Invok: Evolution         |       |       |     3 |       ||     3
Evoke: Wand              |       |    19 |    20 |       ||    39
  Use: Scroll            |       |       |    11 |       ||    11
       Potion            |       |       |    14 |       ||    14
 Stab: Sleeping          |    12 |     5 |    26 |     2 ||    45
       Distracted        |       |     1 |     2 |       ||     3
       Paralysed         |       |       |     5 |       ||     5
  Eat: Chunk             |       |     5 |    16 |       ||    21
       Bread ration      |       |       |     1 |       ||     1
       Beef jerky        |       |       |     1 |       ||     1
